 Dungeon Crawl Stone Soup version 0.19.1-1-g22dce08 (webtiles) character file.

189631 Megalobster the Eclecticist (level 17, -3/96 HPs)
             Began as a Deep Elf Conjurer on Jan 13, 2017.
             Was the Champion of Vehumet.
             Killed by the raging water
             ... invoked by a water nymph
              (10 damage)
             ... on level 4 of the Shoals on Jan 14, 2017.
             The game lasted 07:29:13 (38835 turns).

Megalobster the Eclecticist (Deep Elf Conjurer)    Turns: 38835, Time: 07:29:13

Health: -3/96      AC: 18    Str:  7    XL:     17   Next: 95%
Magic:  16/53      EV: 21    Int: 33    God:    Vehumet [******]
Gold:   1111       SH:  2    Dex: 15    Spells: 14 memorised, 6 levels left

rFire  + . .     SeeInvis +     V - staff of cold
rCold  + + .     Gourm    .     l - +2 robe {rC+ rF+}
rNeg   . . .     Faith    .     (no shield)
rPois  .         Spirit   .     R - +3 hat of Pondering {ponderous, MR+ MP+10 Int+5}
rElec  .         Reflect  +     m - +2 cloak
rCorr  .         Harm     .     F - +1 pair of gloves
MR     +++..     Clarity  +     s - +1 pair of boots
Stlth  +.........               y - +2 amulet of reflection
                                h - ring of see invisible
                                Y - ring of protection from magic

@: very slightly contaminated, invisible, slow
A: molten scales 1, slimy green scales 1, clarity, clever 1
a: Renounce Religion


You were on level 4 of the Shoals.
You worshipped Vehumet.
Vehumet was exalted by your worship.
You were not hungry.

You visited 5 branches of the dungeon, and saw 28 of its levels.
You visited 1 bazaar.

You collected 2670 gold pieces.
You spent 1559 gold pieces at shops.

Inventory:

Hand Weapons
 u - the cursed +14 obsidian axe {chop, +Fly SInv *Curse}
   (You found it on level 4 of the Shoals)

   It inflicts extra damage upon your enemies.
   It lets you see invisible.
   It lets you fly.
   It may re-curse itself when equipped.
   It has a curse placed upon it.
Armour
 l - a +2 robe of resistance (worn)
 m - a +2 cloak (worn)
 s - a +1 pair of boots (worn)
 F - a +1 pair of gloves (worn)
 R - the +3 hat of Pondering (worn) {ponderous, MR+ MP+10 Int+5}
   (You found it on level 10 of the Dungeon)

   It affects your intelligence (+5).
   It affects your resistance to hostile enchantments.
   It affects your magic capacity (+10).
Magical Staves
 V - an uncursed staff of cold (weapon)
Jewellery
 e - the ring "Vudeuc" {rElec rN+++ MR+ Str-3 Slay-5}
   (You took it off a frost giant on level 10 of the Dungeon)

   [ring of protection from magic]

   It affects your strength (-3).
   It affects your accuracy and damage with ranged weapons and melee attacks
   (-5).
   It insulates you from electricity.
   It renders you almost immune to negative energy.
   It affects your resistance to hostile enchantments.
 g - an uncursed ring of ice
 h - a ring of see invisible (right hand)
 w - a +3 ring of dexterity
 x - an uncursed ring of stealth
 y - a +2 amulet of reflection (around neck)
 K - an uncursed ring of protection from cold
 Y - a ring of protection from magic (left hand)
Wands
 b - a wand of disintegration (15/24)
 k - a wand of slowing (29/48)
 q - a wand of paralysis (7/24)
 G - a wand of flame (30/48)
 U - a wand of lightning (11/15)
Scrolls
 p - 10 scrolls of identify
 v - a scroll of torment
 E - a scroll of acquirement
 O - 7 scrolls of remove curse
 W - a scroll of vulnerability
Potions
 d - a potion of cancellation
 i - 3 potions of curing
 o - 2 potions of cure mutation
 t - a potion of invisibility
 A - 2 potions of haste
 B - 7 potions of flight
 C - 4 potions of lignification
 D - a potion of brilliance
 J - a potion of mutation
 N - 4 potions of agility
 S - a potion of berserk rage
 Z - 2 potions of resistance
Books
 a - a book of Flames

   Spells                             Type                      Level
   a - Flame Tongue                   Conjuration/Fire             1
   b - Throw Flame                    Conjuration/Fire             2
   c - Conjure Flame                  Conjuration/Fire             3
   d - Inner Flame                    Hexes/Fire                   3
   e - Sticky Flame                   Conjuration/Fire             4
   f - Fireball                       Conjuration/Fire             5
 c - a book of Frost

   Spells                             Type                      Level
   a - Freeze                         Ice                          1
   b - Throw Frost                    Conjuration/Ice              2
   c - Ozocubu's Armour               Charms/Ice                   3
   d - Throw Icicle                   Conjuration/Ice              4
   e - Summon Ice Beast               Ice/Summoning                4
 f - a book of Necromancy

   Spells                             Type                      Level
   a - Pain                           Necromancy                   1
   b - Animate Skeleton               Necromancy                   1
   c - Vampiric Draining              Necromancy                   3
   d - Regeneration                   Charms/Necromancy            3
   e - Animate Dead                   Necromancy                   4
   f - Control Undead                 Necromancy                   4
 z - a book of the Sky

   Spells                             Type                      Level
   a - Summon Lightning Spire         Summoning/Air                4
   b - Airstrike                      Air                          4
   c - Silence                        Hexes/Air                    5
   d - Deflect Missiles               Charms/Air                   6
   e - Conjure Ball Lightning         Conjuration/Air              6
   f - Tornado                        Air                          9
 L - a book of the Warp

   Spells                             Type                      Level
   a - Gell's Gravitas                Hexes/Translocation          3
   b - Portal Projectile              Translocation                3
   c - Force Lance                    Conjuration/Translocation    4
   d - Dispersal                      Translocation                6
   e - Controlled Blink               Translocation                8
   f - Disjunction                    Translocation                8
 T - a book of Flames

   Spells                             Type                      Level
   a - Flame Tongue                   Conjuration/Fire             1
   b - Throw Flame                    Conjuration/Fire             2
   c - Conjure Flame                  Conjuration/Fire             3
   d - Inner Flame                    Hexes/Fire                   3
   e - Sticky Flame                   Conjuration/Fire             4
   f - Fireball                       Conjuration/Fire             5
Miscellaneous
 H - a disc of storms
 P - a phial of floods
Comestibles
 j - 9 meat rations
 n - 3 chunks of flesh
 r - 9 beef jerkies
 Q - 3 bread rations
 X - a fruit


   Skills:
 - Level 7.1 Fighting
 - Level 3.3 Staves
 - Level 13.2 Dodging
 - Level 2.4 Stealth
 * Level 20.2 Spellcasting
 - Level 16.2 Conjurations
 - Level 11.0 Charms
 + Level 13.5 Fire Magic
 - Level 14.9 Ice Magic


You had 6 spell levels left.
You knew the following spells:

 Your Spells              Type           Power        Failure   Level  Hunger
a - Magic Dart            Conj           ####         0%          1    None
b - Searing Ray           Conj           ######       0%          2    None
c - Dazzling Spray        Conj/Hex       ######       1%          3    None
d - Iskenderun's Mystic   Conj           #######.     0%          4    None
e - Iskenderun's Battles  Conj/Chrm      #######.     1%          5    None
f - Fulminant Prism       Conj/Hex       ######....   1%          4    None
g - Freeze                Ice            ####         0%          1    None
h - Static Discharge      Conj/Air       ######..     1%          3    None
i - Ozocubu's Armour      Chrm/Ice       ########     0%          3    None
j - Throw Icicle          Conj/Ice       ########     0%          4    None
k - Freezing Cloud        Conj/Ice/Air   ########..   1%          6    None
l - Bolt of Cold          Conj/Ice       ########..   1%          6    None
m - Flame Tongue          Conj/Fire      #####        0%          1    None
n - Delayed Fireball      Conj/Fire      N/A          1%          7    ##.....


Dungeon Overview and Level Annotations

Branches:
Dungeon (15/15)            Temple (1/1) D:4            Lair (6/6) D:8
 Shoals (4/4) Lair:2       Spider (0/4) Lair:4        Slime (0/5) Lair:5
    Orc (2/2) D:9             Elf (0/3) Orc:2        Vaults (0/5) D:14
 Depths (0/5) D:15

Altars:
Ashenzari
Cheibriados
Dithmenos
Elyvilon
Fedhas
Gozag
Hepliaklqana
Kikubaaqudgha
Makhleb
Nemelex Xobeh
Okawaru
Qazlal
Ru
Sif Muna
Trog
Uskayaw
Vehumet
Xom
Yredelemnul
Zin
The Shining One
Beogh
Jiyva

Shops:
D:4 =*:%   D:6 =   D:9 :   D:11 *   D:13 :?(*   D:14 !   Orc:2 :**}
Shoals:1 (%%:=

Portals:
Trove: D:13 (give wand of heal wounds (9))

Annotations:
D:13 exclusion: efreet
Shoals:3 exclusion: orange crystal statue


Innate Abilities, Weirdness & Mutations

You are partially covered in molten scales. (AC +2)
You are partially covered in slimy green scales. (AC +2)
You possess an exceptional clarity of mind.
Your mind is acute. (Int +2)


Message History

You start resting.
Your icy armour starts to melt.
You start resting.
Your icy armour evaporates.
You start resting.
A water nymph comes into view.
A water nymph is nearby!
The water nymph moves out of view.
The water nymph casts a spell at you. The water swirls and strikes you!
* * * LOW HITPOINT WARNING * * *
Unknown command.
You fade into invisibility!
You are very lightly contaminated with residual magic.
Casting: Bolt of Cold
Confirm with . or Enter, or press ? or * to list all spells.
You conjure a globe of magical energy.
The water nymph casts a spell at you. The water swirls and strikes you!
You die...

≈≈≈≈≈≈≈≈≈≈≈≈≈≈
≈≈≈≈≈≈≈≈P≈≈≈PP≈≈
≈≈≈≈≈≈≈≈P≈P≈P≈P≈
≈≈≈≈≈P≈≈≈...≈≈≈≈
≈≈≈≈≈P≈≈..#..m..
≈≈≈≈≈P(*≈....≈..
≈≈≈≈≈≈P≈≈......
...... #@P..#
...... ##(.#######
...... m
##((.....##......
.m #.).............
≈m #......(........
#≈ #.(.............
*. #.).....<.......
#.#m..m......./...
#.#)..............≈


You could see a merfolk (wandering), a water nymph and a friendly battlesphere.

Vanquished Creatures
  Saint Roka (Orc:2)
  3 krakens (Shoals:2)
  Polyphemus (Shoals:2)
  Kirke (D:12)
  Ilsuiw (Shoals:4)
  A fire giant (D:15)
  A frost giant (D:10)
  An orc warlord (Orc:2)
  4 ghouls (D:15)
  The ghost of terep12 the Gargoyle Blade, an adept GrBe of Trog (Shoals:4)
  Nessos (Orc:2)
  5 merfolk javelineers
  A fire dragon (D:10)
  Josephine (Lair:6)
  7 merfolk impalers
  Fannar (D:11)
  5 catoblepae
  3 vault guards (D:14)
  The ghost of Yoshimo the Thaumaturge, a journeyman DgWz (D:12)
  Erolcha (D:9)
  7 merfolk avatars
  Harold (Lair:1)
  10 hydras
  3 satyrs
  3 merfolk aquamancers (Shoals:4)
  2 death knights
  An ogre mage (D:15)
  3 centaur warriors
  An alligator snapping turtle (Shoals:4)
  15 death yaks
  A deep elf knight (D:10)
  Urug (D:12)
  3 orc high priests (Orc:2)
  Sonja (Orc:2)
  2 fire crabs (Shoals:4)
  2 skeletal warriors (D:15)
  17 sea snakes
  A deep troll (D:10)
  2 unseen horrors
  2 wizards
  A wolf spider zombie (D:15)
  19 harpies
  7 orc knights
  8 hill giants
  A necromancer (D:14)
  An oklob plant (Lair:4)
  A faun (shapeshifter) (D:14)
  14 ugly things
  6 orc sorcerers
  8 cyclopes
  8 manticores
  21 fauns
  3 black mambas
  9 sirens
  Maurice (D:9)
  A torpor snail (Lair:3)
  Psyche (D:8)
  3 water nymphs
  2 gargoyles (D:15)
  8 komodo dragons
  A yaktaur (shapeshifter) (D:14)
  18 spiny frogs
  2 kobold demonologists
  2 rime drakes (Lair:6)
  3 efreet
  2 tengu conjurers (D:15)
  12 trolls
  27 merfolk
  4 wind drakes
  2 hornets
  A harpy skeleton (D:13)
  5 two-headed ogres
  12 slime creatures (D:15)
  5 dream sheep
  7 snapping turtles
  2 redbacks (Lair:4)
  10 hippogriffs
  5 wraiths
  2 vampires
  A hog (shapeshifter) (D:14)
  21 humans
  5 water elementals
  57 yaks
  11 wyverns
  2 fire bats (Shoals:4)
  A basilisk (Lair:4)
  4 hogs (D:12)
  A steam dragon (D:9)
  A hungry ghost (D:11)
  3 wargs
  A mottled dragon (D:10)
  A soldier ant (shapeshifter) (D:14)
  A soldier ant (D:15)
  11 porcupines
  14 water moccasins
  A hornet zombie (D:14)
  28 orc warriors
  6 ice beasts
  A black bear (Lair:5)
  2 sky beasts (D:10)
  2 necrophages
  10 wolves (Lair:5)
  An eye of draining (D:10)
  20 ogres
  2 phantoms
  5 boggarts (D:14)
  20 centaurs
  16 crocodiles
  5 big kobolds
  22 bullfrogs
  A gnoll sergeant (D:8)
  7 scorpions
  10 wights
  22 killer bees
  An electric eel (Lair:5)
  14 crimson imps
  8 howler monkeys
  11 centaur zombies
  A bullfrog zombie (D:11)
  6 jellies
  2 quasits
  9 hounds
  17 orc priests
  5 bullfrog skeletons
  25 orc wizards
  8 centaur skeletons
  6 iguanas
  17 worker ants
  2 killer bee zombies
  3 hound skeletons
  2 mummies (D:15)
  A worker ant zombie (D:5)
  12 adders
  11 gnolls
  A howler monkey skeleton (D:9)
  3 river rats
  4 shadow imps
  An ooze (D:1)
  2 adder skeletons
  A worm (D:3)
  A dart slug (D:3)
  8 leopard geckos
  80 orcs
  3 ball pythons
  4 giant cockroaches
  6 hobgoblins
  18 jackals
  6 quokkas
  18 bats
  5 frilled lizards
  15 goblins
  27 kobolds
  A quokka skeleton (D:4)
  14 rats
  4 fungi
  12 plants
  7 tentacles (Shoals:2)
1082 creatures vanquished.

Vanquished Creatures (others)
  A merfolk javelineer (Shoals:4)
  A harpy (Shoals:4)
  An orc wizard (Orc:2)
  2 bats (D:8)
  93 fulminant prisms
  30 fungi
  23 plants
  16 tentacles (Shoals:2)
  7 withered plants (D:15)
174 creatures vanquished.

Grand Total: 1256 creatures vanquished

Notes
Turn   | Place    | Note
-------+----------+-------------------------------------------
     0 | D:1      | Megalobster the Deep Elf Conjurer began the quest for the Orb.
     0 | D:1      | Reached XP level 1. HP: 10/10 MP: 6/6
   259 | D:1      | Reached XP level 2. HP: 15/15 MP: 6/8
   263 | D:1      | Learned a level 2 spell: Searing Ray
   709 | D:2      | Found a glowing silver altar of Zin.
   709 | D:2      | Found a white marble altar of Elyvilon.
   709 | D:2      | Found an iron altar of Okawaru.
   709 | D:2      | Found a sparkling altar of Nemelex Xobeh.
   709 | D:2      | Found a stormy altar of Qazlal.
   715 | D:2      | Reached skill level 5 in Conjurations
   715 | D:2      | Reached XP level 3. HP: 17/19 MP: 2/10
   987 | D:2      | Found a hazy altar of Hepliaklqana.
  1045 | D:2      | Reached skill level 4 in Spellcasting
  1071 | D:2      | Learned a level 3 spell: Dazzling Spray
  1122 | D:2      | Reached XP level 4. HP: 24/24 MP: 8/12
  1129 | D:2      | Learned a level 4 spell: Iskenderun's Mystic Blast
  1261 | D:2      | Found a shattered altar of Ashenzari.
  1261 | D:2      | Found a faded altar of an unknown god.
  1271 | D:2      | Found a faded altar of an unknown god.
  1273 | D:2      | Found a faded altar of an unknown god.
  1275 | D:2      | Found a faded altar of an unknown god.
  1312 | D:2      | Found a shimmering altar of Xom.
  1629 | D:3      | Found a faded altar of an unknown god.
  1988 | D:3      | Reached XP level 5. HP: 28/28 MP: 5/13
  2896 | D:4      | Reached skill level 5 in Spellcasting
  2946 | D:4      | Reached XP level 6. HP: 22/32 MP: 9/15
  3045 | D:4      | Learned a level 5 spell: Iskenderun's Battlesphere
  3193 | D:4      | Reached skill level 1 in Charms
  3272 | D:4      | Found Ciam Bul's General Store.
  3278 | D:4      | Bought a scroll of identify for 22 gold pieces
  3278 | D:4      | Bought a potion of lignification for 33 gold pieces
  3293 | D:4      | Found Laxuboh's Jewellery Emporium.
  3310 | D:4      | Found Ywanoran's Book Emporium.
  3323 | D:4      | Found Umafac's Food Shop.
  3342 | D:4      | Found a staircase to the Ecumenical Temple.
  3364 | Temple   | Entered the Ecumenical Temple
  3859 | Temple   | Became a worshipper of Vehumet
  4240 | D:4      | Reached XP level 7. HP: 26/36 MP: 10/17
  4722 | D:5      | Entered Level 5 of the Dungeon
  4852 | D:5      | Reached skill level 6 in Spellcasting
  5023 | D:5      | Reached skill level 5 in Charms
  5107 | D:5      | Reached XP level 8. HP: 41/41 MP: 9/19
  5359 | D:5      | Learned a level 4 spell: Fulminant Prism
  5380 | D:5      | Reached * piety under Vehumet
  5380 | D:5      | Offered knowledge of Freeze by Vehumet.
  5464 | D:5      | Learned a level 1 spell: Freeze
  5577 | D:5      | Gained mutation: You are partially covered in slimy green scales. (AC +2) [potion of mutation]
  5577 | D:5      | Gained mutation: Your mind is acute. (Int +2) [potion of mutation]
  5577 | D:5      | Gained mutation: You possess an exceptional clarity of mind. [potion of mutation]
  5847 | D:6      | Found Mafuy's Jewellery Boutique.
  6016 | D:6      | Reached skill level 7 in Spellcasting
  6641 | D:7      | Found a shadowy altar of Dithmenos.
  7251 | D:7      | Reached ** piety under Vehumet
  7251 | D:7      | Offered knowledge of Shock by Vehumet.
  7316 | D:7      | Reached skill level 1 in Fighting
  7316 | D:7      | Reached skill level 10 in Conjurations
  7603 | D:7      | Reached XP level 9. HP: 47/47 MP: 15/22
  8017 | D:8      | Noticed Psyche
  8032 | D:8      | Killed Psyche
  8032 | D:8      | Reached skill level 8 in Spellcasting
  8188 | D:8      | Offered knowledge of Static Discharge by Vehumet.
  8194 | D:8      | Learned a level 3 spell: Static Discharge
  8334 | D:8      | Reached *** piety under Vehumet
  8502 | D:8      | Found a staircase to the Lair.
  8866 | D:8      | Offered knowledge of Olgreb's Toxic Radiance by Vehumet.
  9868 | Lair:1   | Entered Level 1 of the Lair of Beasts
  9873 | Lair:1   | Reached XP level 10. HP: 55/55 MP: 17/24
  9971 | Lair:1   | Noticed Harold
  9973 | Lair:1   | Noticed a spiny frog
  9986 | Lair:1   | Killed a spiny frog
  9986 | Lair:1   | Reached skill level 5 in Dodging
  9986 | Lair:1   | Reached skill level 9 in Spellcasting
  9986 | Lair:1   | Reached skill level 10 in Charms
  9991 | Lair:1   | Noticed a spiny frog
 10153 | Lair:1   | Killed Harold
 10550 | Lair:1   | Killed a spiny frog
 10816 | Lair:1   | Reached **** piety under Vehumet
 11108 | Lair:1   | Learned a level 3 spell: Ozocubu's Armour
 11692 | Lair:2   | Noticed a spiny frog
 11698 | Lair:2   | Killed a spiny frog
 11698 | Lair:2   | Reached skill level 10 in Spellcasting
 11698 | Lair:2   | Reached XP level 11. HP: 61/61 MP: 12/27
 11827 | Lair:2   | Noticed a six-headed hydra
 11984 | Lair:2   | Reached skill level 1 in Ice Magic
 12037 | Lair:2   | Killed a six-headed hydra
 12312 | Lair:2   | Offered knowledge of Lightning Bolt by Vehumet.
 12318 | Lair:2   | Learned a level 4 spell: Throw Icicle
 12385 | Lair:2   | Noticed a seven-headed hydra
 12390 | Lair:2   | Killed a seven-headed hydra
 12586 | Lair:2   | Found a staircase to the Shoals.
 13000 | Lair:3   | Reached skill level 5 in Fighting
 13302 | Lair:3   | Reached skill level 5 in Ice Magic
 14135 | Lair:3   | Reached skill level 11 in Spellcasting
 14303 | Lair:4   | Noticed an oklob plant
 14314 | Lair:4   | Noticed a six-headed hydra
 14318 | Lair:4   | Killed a six-headed hydra
 14318 | Lair:4   | Reached XP level 12. HP: 68/68 MP: 6/29
 15141 | Lair:4   | Found a hole to the Spider Nest.
 15772 | Lair:5   | Noticed a six-headed hydra
 15780 | Lair:5   | Killed a six-headed hydra
 15845 | Lair:5   | Noticed a seven-headed hydra
 15856 | Lair:5   | Killed a seven-headed hydra
 16051 | Lair:5   | Reached skill level 12 in Spellcasting
 16368 | Lair:5   | Noticed a death yak
 16370 | Lair:5   | Reached ***** piety under Vehumet
 16526 | Lair:5   | Offered knowledge of Freezing Cloud by Vehumet.
 16534 | Lair:5   | Killed a death yak
 16700 | Lair:5   | Gained mutation: You are partially covered in molten scales. (AC +2) [potion of beneficial mutation]
 16834 | Lair:5   | Reached XP level 13. HP: 75/75 MP: 18/31
 16847 | Lair:5   | Learned a level 6 spell: Freezing Cloud
 17119 | Lair:5   | Found a staircase to the Slime Pits.
 17119 | Lair:5   | Found a viscous altar of Jiyva.
 17321 | Lair:6   | Entered Level 6 of the Lair of Beasts
 17398 | Lair:6   | Noticed Josephine
 17587 | Lair:6   | Killed Josephine
 17595 | Lair:6   | Reached skill level 13 in Spellcasting
 18521 | Lair:6   | Reached skill level 10 in Dodging
 18681 | Lair:6   | Reached skill level 10 in Ice Magic
 19229 | Lair:6   | Reached skill level 14 in Spellcasting
 19388 | Lair:6   | Offered knowledge of Irradiate by Vehumet.
 19935 | D:9      | Found Yfus's Book Shop.
 20031 | D:9      | Noticed Erolcha
 20035 | D:9      | Killed Erolcha
 20288 | D:9      | Reached XP level 14. HP: 82/82 MP: 27/34
 20569 | D:9      | Found a staircase to the Orcish Mines.
 20755 | D:9      | Noticed Maurice
 20764 | D:9      | Killed Maurice
 21109 | D:10     | Entered Level 10 of the Dungeon
 21504 | D:10     | Noticed a frost giant
 22129 | D:10     | Got a distressingly furry scale mail
 22252 | D:10     | Killed a frost giant
 22271 | D:10     | Reached skill level 1 in Staves
 22507 | D:10     | Got a glittering golden ring
 22508 | D:10     | Identified the ring "Vudeuc" {rElec rN+++ MR+ Str-3 Slay-5} (You took it off a frost giant on level 10 of the Dungeon)
 23165 | D:10     | Offered knowledge of Bolt of Cold by Vehumet.
 23179 | D:10     | Learned a level 6 spell: Bolt of Cold
 23285 | D:9      | Reached skill level 15 in Spellcasting
 23300 | Orc:1    | Entered Level 1 of the Orcish Mines
 23609 | Orc:2    | Entered Level 2 of the Orcish Mines
 23616 | Orc:2    | Found a staircase to the Elven Halls.
 23690 | Orc:2    | Noticed Nessos
 23893 | Orc:2    | Noticed an orc warlord
 24004 | Orc:2    | Reached skill level 15 in Conjurations
 24007 | Orc:2    | Killed Nessos
 24427 | Orc:2    | Killed an orc warlord
 24430 | Orc:2    | Noticed Sonja
 24825 | Orc:2    | Found Yqolulug's Book Shoppe.
 24825 | Orc:2    | Found Dafan's Gadget Boutique.
 24831 | Orc:2    | Found Ehalu's General Store.
 24831 | Orc:2    | Found Ugeepit's General Store.
 24840 | Orc:2    | Bought a scroll of remove curse for 39 gold pieces
 24887 | Orc:2    | Bought a book of Flames for 595 gold pieces
 24889 | Orc:2    | Learned a level 1 spell: Flame Tongue
 25088 | Orc:2    | Offered knowledge of Iron Shot by Vehumet.
 25109 | Orc:2    | Noticed Saint Roka
 25110 | Orc:1    | Found a roughly hewn altar of Beogh.
 25453 | Orc:2    | Reached skill level 1 in Fire Magic
 25470 | Orc:2    | HP: 4/82 [asphyx]
 25785 | Orc:2    | Killed Saint Roka
 25785 | Orc:2    | Reached XP level 15. HP: 54/86 MP: 10/36
 26059 | Orc:2    | Killed Sonja
 26190 | Orc:2    | Reached skill level 16 in Spellcasting
 26361 | D:11     | Found a shadowy altar of Dithmenos.
 26577 | D:11     | Found Biodid's General Store.
 26595 | D:11     | Noticed Fannar
 26610 | D:11     | Killed Fannar
 27033 | D:12     | Noticed Kirke
 27035 | D:12     | Noticed Yoshimo's ghost (journeyman DgWz)
 27039 | D:12     | Killed Kirke
 27042 | D:12     | Killed Yoshimo's ghost
 27356 | D:12     | Noticed Urug
 27358 | D:12     | Killed Urug
 27482 | D:12     | Offered knowledge of Ozocubu's Refrigeration by Vehumet.
 27817 | D:13     | Found a portal to a secret trove of treasure.
 27840 | D:13     | Found Kechal's Magic Scroll Shop.
 27859 | D:13     | Bought a scroll of remove curse for 39 gold pieces
 27859 | D:13     | Bought a scroll of enchant armour for 97 gold pieces
 27859 | D:13     | Bought a scroll of enchant armour for 97 gold pieces
 27859 | D:13     | Bought a scroll of remove curse for 39 gold pieces
 27859 | D:13     | Bought 3 scrolls of identify for 78 gold pieces
 27859 | D:13     | Bought 3 scrolls of identify for 78 gold pieces
 27859 | D:13     | Bought a scroll of remove curse for 39 gold pieces
 27859 | D:13     | Bought 3 scrolls of identify for 78 gold pieces
 27859 | D:13     | Bought a scroll of immolation for 45 gold pieces
 27867 | D:13     | Found Tytyotan's Weapon Shoppe.
 28244 | D:13     | Found Roezekos's Book Shoppe.
 28378 | D:13     | Found Ripegrao's Assorted Antiques.
 28384 | D:13     | Found a gateway to a bazaar.
 28390 | Bazaar   | Entered a bazaar
 28390 | Bazaar   | Found Voatoeho's Antique Armour Shop.
 28416 | Bazaar   | Found Buih's Distillery.
 28437 | Bazaar   | Found Dixtib's Antique Weapon Shop.
 28465 | Bazaar   | Bought a potion of flight for 30 gold pieces
 28465 | Bazaar   | Bought a potion of curing for 30 gold pieces
 28465 | Bazaar   | Bought a potion of flight for 30 gold pieces
 28465 | Bazaar   | Bought a potion of invisibility for 80 gold pieces
 28465 | Bazaar   | Bought a potion of lignification for 30 gold pieces
 28465 | Bazaar   | Bought a potion of invisibility for 80 gold pieces
 28662 | D:14     | Found Exuomo's Distillery.
 29715 | D:14     | Reached skill level 17 in Spellcasting
 30024 | D:14     | Found a gate to the Vaults.
 30224 | D:15     | Entered Level 15 of the Dungeon
 30346 | D:15     | Reached skill level 5 in Fire Magic
 30566 | D:15     | Reached XP level 16. HP: 81/92 MP: 26/39
 31048 | D:15     | Offered knowledge of Delayed Fireball by Vehumet.
 31281 | D:15     | Reached ****** piety under Vehumet
 32091 | D:14     | Learned a level 7 spell: Delayed Fireball
 32722 | D:15     | Found a staircase to the Depths.
 33250 | Shoals:1 | Entered Level 1 of the Shoals
 33250 | Shoals:1 | Found Mequuc's Weapon Shop.
 33255 | Shoals:1 | Offered knowledge of Bolt of Fire by Vehumet.
 33422 | Shoals:1 | Found Lymawkam's Food Shoppe.
 33444 | Shoals:1 | Reached skill level 18 in Spellcasting
 33500 | Shoals:1 | Found Mogirouz's Book Emporium.
 33501 | Shoals:1 | Got a scorched morningstar
 33513 | Shoals:1 | Found Jeyqyo's Jewellery Emporium.
 33798 | Shoals:1 | Found Doku's Food Shop.
 34511 | Shoals:2 | Noticed a kraken
 34514 | Shoals:2 | Noticed Polyphemus
 34526 | Shoals:2 | Killed Polyphemus
 34526 | Shoals:2 | Reached skill level 10 in Fire Magic
 34527 | Shoals:2 | Killed a kraken
 34535 | Shoals:2 | HP: 3/92 [death yak[Polyphemus] (25)]
 34744 | Shoals:2 | Reached XP level 17. HP: 96/96 MP: 41/41
 34895 | Shoals:2 | Noticed a kraken
 34909 | Shoals:2 | Killed a kraken
 35197 | Shoals:2 | Offered knowledge of Lehudib's Crystal Spear by Vehumet.
 35197 | Shoals:2 | Offered knowledge of Fire Storm by Vehumet.
 35197 | Shoals:2 | Offered knowledge of Glaciate by Vehumet.
 36231 | Shoals:2 | Noticed a kraken
 36256 | Shoals:2 | Killed a kraken
 36999 | Shoals:3 | Reached skill level 19 in Spellcasting
 37352 | Shoals:4 | Entered Level 4 of the Shoals
 37363 | Shoals:4 | Identified a scroll of acquirement
 37475 | Shoals:4 | Noticed terep12's ghost (adept GrBe)
 37564 | Shoals:4 | Killed terep12's ghost
 38212 | Shoals:4 | Noticed Ilsuiw
 38217 | Shoals:4 | Noticed Mara
 38226 | Shoals:4 | Killed Ilsuiw
 38759 | Shoals:4 | Reached skill level 20 in Spellcasting
 38835 | Shoals:4 | Killed from afar by a water nymph

Skill      XL: |  1  2  3  4  5  6  7  8  9 10 11 12 13 14 15 16 17 |
---------------+----------------------------------------------------+-----
Conjurations   | 5 6 7 8 10 11 12 13 14 15 16 | 16.2
Spellcasting   | 4 5 6 7 8 10 11 12 14 15 17 18 20 | 20.2
Charms         | 3 6 8 9 11 | 11.0
Fighting       | 1 2 4 5 6 7 |  7.1
Dodging        | 4 6 7 9 10 11 12 13 | 13.2
Ice Magic      | 5 8 11 12 14 | 14.9
Staves         | 3 |  3.3
Fire Magic     | 1 5 10 13 | 13.5
Stealth        | |  2.4

Action                   |  1- 3 |  4- 6 |  7- 9 | 10-12 | 13-15 | 16-18 || total
-------------------------+-------+-------+-------+-------+-------+-------++-------
Melee: Dagger            |     6 |       |       |       |       |       ||     6
       Short sword       |       |    13 |    14 |       |       |       ||    27
       Spear             |       |       |     1 |       |       |       ||     1
       Quarterstaff      |       |       |       |     9 |     3 |       ||    12
       Staff             |       |       |       |       |    10 |     2 ||    12
Throw: Stone             |     1 |       |       |     2 |       |       ||     3
 Cast: Magic Dart        |    59 |   112 |   196 |   250 |   372 |   194 ||  1183
       Searing Ray       |     1 |    13 |    23 |    13 |    34 |    19 ||   103
       Dazzling Spray    |       |     1 |    12 |    27 |    28 |     9 ||    77
       Iskenderun's Batt |       |       |    28 |    60 |   140 |    95 ||   323
       Fulminant Prism   |       |       |     9 |    32 |    35 |    19 ||    95
       Freeze            |       |       |     2 |     3 |    63 |    18 ||    86
       Iskenderun's Myst |       |       |       |    12 |    29 |    20 ||    61
       Throw Icicle      |       |       |       |    24 |   149 |   113 ||   286
       Ozocubu's Armour  |       |       |       |     4 |     3 |    10 ||    17
       Static Discharge  |       |       |       |     1 |     4 |     3 ||     8
       Freezing Cloud    |       |       |       |       |    58 |    37 ||    95
       Bolt of Cold      |       |       |       |       |    68 |   103 ||   171
       Delayed Fireball  |       |       |       |       |       |     8 ||     8
 Abil: Release Delayed F |       |       |       |       |       |     8 ||     8
Evoke: Wand              |       |       |       |       |     3 |     4 ||     7
       Phial of floods   |       |       |       |       |     1 |       ||     1
       Disc of storms    |       |       |       |       |       |     1 ||     1
  Use: Scroll            |       |       |    20 |    17 |    19 |    13 ||    69
       Potion            |       |       |     1 |     5 |     6 |    18 ||    30
  Eat: Chunk             |     1 |     4 |    12 |    15 |    19 |    10 ||    61
       Bread ration      |       |     2 |     2 |     2 |       |     1 ||     7
       Fruit             |       |       |       |     4 |     4 |     4 ||    12
       Beef jerky        |       |       |       |       |     4 |       ||     4
       Meat ration       |       |       |       |       |     4 |     2 ||     6
       Pizza             |       |       |       |       |     2 |       ||     2
       Royal jelly       |       |       |       |       |     1 |       ||     1
Armor: Robe              |     1 |     3 |    14 |    32 |    78 |    80 ||   208
Dodge: Dodged            |    10 |    24 |    56 |   130 |   301 |   231 ||   752
Block: Other             |       |       |       |       |     7 |    25 ||    32
       Reflection        |       |       |       |       |     2 |     8 ||    10
